[Event "Gibraltar Masters 18th"]
[Site "Gibraltar"]
[Date "2020.01.30"]
[Round "10.34"]
[White "Kovacevic, Blazimir"]
[Black "Tabatabaei, M.Amin"]
[Result "1/2-1/2"]
[ECO "B07"]
[WhiteElo "2451"]
[BlackElo "2638"]
[PlyCount "129"]
[EventDate "2020.01.21"]
[EventType "swiss"]
[EventRounds "10"]
[EventCountry "GGB"]
[SourceTitle "BritBase"]
[Source "John Saunders"]
[SourceDate "2021.06.05"]
[SourceVersion "1"]
[SourceVersionDate "2021.06.05"]
[SourceQuality "1"]
[TimeControl "40/100:0"]
[WhiteClock "0:04:39"]
[BlackClock "0:12:32"]

1. d4 Nf6 2. Nf3 g6 3. Nbd2 Bg7 4. e4 d6 5. Bd3 O-O 6. O-O Nc6 7. c3 e5 8. dxe5 Nxe5 9. Nxe5 dxe5 10. Nc4 Nh5 11. g3 Qe7 12. Qe2 Nf6 13.
Rd1 a5 14. a4 Bg4 15. f3 Bh3 16. Be3 b6 17. Rdb1 Nh5 18. Qc2 f5 19. exf5 gxf5 20. Re1 e4 21. Bf1 Bxf1 22. Rxf1 Qe6 23. Qb3 Kh8 24. f4 Rg8 25. Rf2 Rad8 26. Nd2 Rd5 27. Nf1 Qd7 28. Rd2 Rxd2 29. Bxd2 Rd8 30. Be3 Bf6 31. Re1 Ng7 32. Re2 Qe6 33. Qb5 h5 34. Rd2 Rxd2 35. Nxd2 Kh7 36. Kf2 h4 37. Kg2 Kg6 38. Kh3 Qd6 39. Qe2 hxg3 40. hxg3 Ne6 41. Qb5 Ng7 42. Qc4 Qd7 43. Kg2 Be7 44. Nf1 Ne6 45. g4 Bh4 46. Nd2 Ng7 47. gxf5+ Nxf5 48. Qxe4 Kh6 49. Nf3 Qg7+ 50. Ng5 Nxe3+ 51. Qxe3 Bxg5 52. fxg5+ Qxg5+ 53. Kf3 Kg6 54. Qxg5+ Kxg5 55. Ke4 Kf6 56. Kd5 Ke7 57. Kc6 Kd8 58. c4 Kc8 59. c5 bxc5 60. Kxc5 Kd7 61. Kb5 Kd6 62. Kxa5 Kc5 63. b4+ Kc4 64. b5 Kb3 65. b6 1/2-1/2

[Event "Gibraltar Masters 18th"]
[Site "Gibraltar"]
[Date "2020.01.30"]
[Round "10.35"]
[White "Tregubov, Pavel V"]
[Black "Horvath, Dominik"]
[Result "0-1"]
[ECO "D47"]
[WhiteElo "2588"]
[BlackElo "2449"]
[PlyCount "78"]
[EventDate "2020.01.21"]
[EventType "swiss"]
[EventRounds "10"]
[EventCountry "GGB"]
[SourceTitle "BritBase"]
[Source "John Saunders"]
[SourceDate "2021.06.05"]
[SourceVersion "1"]
[SourceVersionDate "2021.06.05"]
[SourceQuality "1"]
[TimeControl "40/100:0"]
[WhiteClock "0:00:35"]
[BlackClock "0:06:55"]

1. d4 d5 2. c4 e6 3. Nc3 c6 4. e3 Nf6 5. Nf3 Nbd7 6. Bd3 dxc4 7. Bxc4 b5 8.
Be2 Bb7 9. O-O Be7 10. b3 a6 11. Bb2 O-O 12. a4 Qb8 13. Rc1 Rd8 14. Qc2 c5 15. axb5 axb5 16. Nxb5 Be4 17. Qc3 Bc6 18. dxc5 Bxb5 19. Bxb5 Qxb5 20. c6 Nc5 21. Nd4 Qb6 22. Qc4 Nd5 23. Ra1 Na6 24. e4 Ndc7 25. Ra4 Nc5 26. Rb4 Qa6 27. Qc2 Qd3 28. Qxd3 Nxd3 29. Rb7 Bd6 30. Nf3 e5 31. Bc3 Nc5 32. Rb4 f6 33. Nd2 Ra6 34. Rc4 Nb5 35.
Bb4 Rxc6 36. Rfc1 Rdc8 37. Nf3 Bf8 38. Kf1 Na7 39. Ra1 Nxb3 0-1

[Event "Gibraltar Masters 18th"]
[Site "Gibraltar"]
[Date "2020.01.30"]
[Round "10.36"]
[White "Khotenashvili, Bela"]
[Black "Lalith, Babu M R"]
[Result "1/2-1/2"]
[ECO "E11"]
[WhiteElo "2446"]
[BlackElo "2558"]
[PlyCount "122"]
[EventDate "2020.01.21"]
[EventType "swiss"]
[EventRounds "10"]
[EventCountry "GGB"]
[SourceTitle "BritBase"]
[Source "John Saunders"]
[SourceDate "2021.06.05"]
[SourceVersion "1"]
[SourceVersionDate "2021.06.05"]
[SourceQuality "1"]
[TimeControl "40/100:0"]
[WhiteClock "0:00:49"]
[BlackClock "1:13:30"]

1. d4 Nf6 2. c4 e6 3. Nf3 d5 4. g3 Bb4+ 5. Bd2 Be7 6. Bg2 O-O 7. O-O Nbd7 8.
Qc2 c6 9. Rd1 Ne4 10. Nc3 f5 11. Rab1 a5 12. a3 g5 13. Nxe4 fxe4 14. Ne1 Nb6 15. c5 Nd7 16. f3 Bf6 17. Bc3 exf3 18. Nxf3 g4 19. Ne5 Nxe5 20. dxe5 Bg7 21. Qd2 Qe7 22. Bd4 Bd7 23. Rf1 Rf5 24. e4 Qg5 25. Rf4 Rf7 26. Rbf1 Be8 27. R1f2 Qh5 28. Qe2 dxe4 29. Bxe4 Rd8 30. Bc3 a4 31. Qxg4 Qxg4 32. Rxg4 Rxf2 33. Kxf2 h5 34. Rg5 Kf8 35. Bg6 Bxg6 36. Rxg6 Kf7 37. Rg5 Rh8 38. g4 hxg4 39. Kg2 Rh4 40. Be1 Rh8 41. Bg3 Rd8 42. Rxg4 Rd2+ 43. Kf3 Rxb2 44. Rxa4 Rb3+ 45. Kg4 Re3 46. Rb4 Bxe5 47. Rxb7+ Kf6 48. Rb6 Bxg3 49. hxg3 Rxa3 50. Rxc6 Rc3 51. Kh4 Ke7 52. g4 e5 53. g5 e4 54. g6 e3 55. Kg3 e2+ 56. Kf2 Kd7 57. g7 Re3 58. Rd6+ Kc7 59. Ke1 Rg3 60.
Kxe2 Rxg7 61. Kd3 Rg1 1/2-1/2

[Event "Gibraltar Masters 18th"]
[Site "Gibraltar"]
[Date "2020.01.30"]
[Round "10.37"]
[White "Ali Marandi, Cemil Can"]
[Black "Ladron De Guevara Pinto, Paolo"]
[Result "1/2-1/2"]
[ECO "D55"]
[WhiteElo "2546"]
[BlackElo "2445"]
[PlyCount "111"]
[EventDate "2020.01.21"]
[EventType "swiss"]
[EventRounds "10"]
[EventCountry "GGB"]
[SourceTitle "BritBase"]
[Source "John Saunders"]
[SourceDate "2021.06.05"]
[SourceVersion "1"]
[SourceVersionDate "2021.06.05"]
[SourceQuality "1"]
[TimeControl "40/100:0"]
[WhiteClock "0:48:05"]
[BlackClock "0:03:05"]

1. d4 d5 2. c4 e6 3. Nf3 Nf6 4. Bg5 Be7 5. Qc2 O-O 6. Nc3 Nbd7 7. e3 b6 8. cxd5 exd5 9. Bd3 Bb7 10. O-O Re8 11. Bxf6 Nxf6 12. Ne5 a6 13. Rad1 c5 14. Qe2 c4 15. Bb1 b5 16. a3 Bd6 17. f4 Ne4 18.
Qf3 f6 19. Nxe4 dxe4 20. Bxe4 Bxe4 21. Qxe4 Bf8 22. Qb7 fxe5 23. fxe5 Qe7 24. Qd5+ Qe6 25. Qb7 Rab8 26. Qe4 a5 27. Rf2 b4 28. axb4 axb4 29. Rdf1 Rbd8 30. Qc2 Be7 31. Qe4 Rf8 32. Rxf8+ Bxf8 33. Rd1 c3 34. bxc3 bxc3 35. Rc1 Qc4 36. e6 Re8 37. Qf5 Rxe6 38. Rxc3 Qa2 39. Qf1 Rf6 40. Qc4+ Qxc4 41. Rxc4 Kf7 42. g3 Be7 43. Kg2 h5 44. e4 Rb6 45. h4 Rb3 46. Kf2 Bd8 47. Rc5 g6 48.
Kg2 Bb6 49. Rc4 Rd3 50. d5 Rd2+ 51. Kh3 Bd8 52. Rc8 Be7 53.
Rc7 Ke8 54. Rc6 Rd4 55. Rxg6 Rxe4 56. Re6 1/2-1/2

[Event "Gibraltar Masters 18th"]
[Site "Gibraltar"]
[Date "2020.01.30"]
[Round "10.38"]
[White "Womacka, Mathias"]
[Black "Kaidanov, Gregory"]
[Result "1/2-1/2"]
[ECO "C55"]
[WhiteElo "2439"]
[BlackElo "2546"]
[PlyCount "61"]
[EventDate "2020.01.21"]
[EventType "swiss"]
[EventRounds "10"]
[EventCountry "GGB"]
[SourceTitle "BritBase"]
[Source "John Saunders"]
[SourceDate "2021.06.05"]
[SourceVersion "1"]
[SourceVersionDate "2021.06.05"]
[SourceQuality "1"]
[TimeControl "40/100:0"]
[WhiteClock "0:08:07"]
[BlackClock "0:06:10"]

1. e4 e5 2. Nf3 Nc6 3. Bc4 Nf6 4. d3 Be7 5. O-O O-O 6. Re1 d6 7. a4 Be6 8. Bxe6 fxe6 9. c3 a5 10. Nbd2 d5 11. exd5 Qxd5 12. Qe2 Rad8 13. Nc4 Qxd3 14. Qxd3 Rxd3 15. Nfxe5 Nxe5 16.
Nxe5 Rd5 17. Nf3 Bd6 18. h3 Nd7 19. Be3 Bc5 20. Nd4 Bxd4 21.
Bxd4 c5 22. Be3 c4 23. Rad1 Kf7 24. Rd4 Rc8 25. Red1 Nf6 26. g4 Rcd8 27. Re1 Rxd4 28. Bxd4 Nd5 29. Re5 g6 30. Kh2 Ke7 31. Kg3 1/2-1/2

[Event "Gibraltar Masters 18th"]
[Site "Gibraltar"]
[Date "2020.01.30"]
[Round "10.40"]
[White "Sukandar, Irine Kharisma"]
[Black "Kotronias, Vasilios"]
[Result "1/2-1/2"]
[ECO "B56"]
[WhiteElo "2402"]
[BlackElo "2526"]
[PlyCount "102"]
[EventDate "2020.01.21"]
[EventType "swiss"]
[EventRounds "10"]
[EventCountry "GGB"]
[SourceTitle "BritBase"]
[Source "John Saunders"]
[SourceDate "2021.06.05"]
[SourceVersion "1"]
[SourceVersionDate "2021.06.05"]
[SourceQuality "1"]
[TimeControl "40/100:0"]
[WhiteClock "0:09:19"]
[BlackClock "0:03:00"]

1. e4 c5 2. Nf3 d6 3. d4 cxd4 4. Nxd4 Nf6 5. Nc3 Nc6 6. f3 e5 7. Nb3 Be7 8. Be3 O-O 9. Qd2 Be6 10. Rd1 Na5 11. Nd5 Nxd5 12. exd5 Nxb3 13. axb3 Bd7 14. Bd3 f5 15. O-O f4 16. Bf2 Bh4 17. Ra1 Bxf2+ 18. Qxf2 a5 19. b4 b6 20. Ra3 Rb8 21. Rfa1 axb4 22. Ra7 Rf7 23. b3 Be8 24. Qe1 Rxa7 25. Rxa7 Ra8 26. Rxa8 Qxa8 27. Qxb4 Qd8 28. h3 Qc7 29. Qa3 g6 30. Qa8 Kf7 31. Kh2 Ke7 32. Ba6 h6 33. c4 g5 34. Bb7 Qd8 35. Qa6 Kf6 36. b4 h5 37. c5 bxc5 38.
bxc5 g4 39. hxg4 hxg4 40. fxg4 Kg7 41. Qe2 Bf7 42. Bc6 Qh4+ 43. Kg1 Qe7 44. cxd6 Qxd6 45. Qc4 Kf6 46. Ba8 Kg5 47. Qc6 Qa3 48. d6 Qe3+ 49. Kh1 Qe1+ 50. Kh2 Qg3+ 51. Kg1 Qe1+ 1/2-1/2

[Event "Gibraltar Masters 18th"]
[Site "Gibraltar"]
[Date "2020.01.30"]
[Round "10.41"]
[White "Wemmers, Xander"]
[Black "Hjartarson, Johann"]
[Result "0-1"]
[ECO "E20"]
[WhiteElo "2380"]
[BlackElo "2524"]
[PlyCount "86"]
[EventDate "2020.01.21"]
[EventType "swiss"]
[EventRounds "10"]
[EventCountry "GGB"]
[SourceTitle "BritBase"]
[Source "John Saunders"]
[SourceDate "2021.06.05"]
[SourceVersion "1"]
[SourceVersionDate "2021.06.05"]
[SourceQuality "1"]
[TimeControl "40/100:0"]
[WhiteClock "0:46:39"]
[BlackClock "0:50:51"]

1. d4 Nf6 2. c4 e6 3. Nc3 Bb4 4. f3 d5 5. a3 Be7 6. e4 dxe4 7. fxe4 e5 8. d5 O-O 9. Nf3 Nbd7 10. Bd3 a5 11. O-O c6 12. Kh1 Bc5 13. Bd2 Bd4 14. Qe1 h6 15.
Nh4 Nc5 16. Bc2 cxd5 17. cxd5 Ra6 18. Nf5 Bxf5 19. Rxf5 Ne8 20. Nb5 Bxb2 21. Rb1 Bd4 22. Nxd4 exd4 23. Qf2 Nd6 24. Qxd4 Nxf5 25. Qxc5 Nd6 26. Bd3 b5 27. e5 Nc4 28. Bc3 Qg5 29. Qd4 Nxa3 30. Re1 Nc4 31. Qe4 Rg6 32. g3 Qg4 33. e6 Qxe4+ 34. Rxe4 Nd6 35. Re2 Rg5 36. Be5 Rxe5 37.
Rxe5 a4 38. Re1 b4 39. Ra1 a3 40. Bc2 Rc8 41. Ba4 fxe6 42. dxe6 Kf8 43. Rb1 Ke7 0-1

[Event "Gibraltar Masters 18th"]
[Site "Gibraltar"]
[Date "2020.01.30"]
[Round "10.42"]
[White "Kozak, Adam"]
[Black "Murzin, Volodar"]
[Result "1/2-1/2"]
[ECO "A07"]
[WhiteElo "2523"]
[BlackElo "2442"]
[PlyCount "72"]
[EventDate "2020.01.21"]
[EventType "swiss"]
[EventRounds "10"]
[EventCountry "GGB"]
[SourceTitle "BritBase"]
[Source "John Saunders"]
[SourceDate "2021.06.05"]
[SourceVersion "1"]
[SourceVersionDate "2021.06.05"]
[SourceQuality "1"]
[TimeControl "40/100:0"]
[WhiteClock "0:06:34"]
[BlackClock "0:13:00"]

1. Nf3 d5 2. g3 Bg4 3. Bg2 c6 4. O-O Nd7 5. h3 Bh5 6. d4 e6 7. c4 Be7 8. Nc3 dxc4 9. a4 a5 10. e4 Ngf6 11. Qe2 Bxf3 12. Bxf3 Nb6 13. Be3 O-O 14. Bg2 Bb4 15. Rfd1 Qe7 16. Qc2 Nfd7 17. Na2 Bd6 18. Nc3 e5 19. dxe5 Bc5 20. Bxc5 Qxc5 21. Kh2 Nxe5 22. f4 Nd3 23. e5 Rad8 24. Ne4 Qd4 25. b3 Nd5 26. Qxc4 Ne3 27. Qxd4 Rxd4 28. Rd2 Nxg2 29. Kxg2 f5 30. exf6 Nxf4+ 31. Kf3 Rxd2 32. Nxd2 Nd5 33. Nc4 Rxf6+ 34. Kg2 b6 35. Re1 Kf8 36. Re2 g6 1/2-1/2

[Event "Gibraltar Masters 18th"]
[Site "Gibraltar"]
[Date "2020.01.30"]
[Round "10.43"]
[White "Krysa, Leandro"]
[Black "Sardana, Rishi"]
[Result "1/2-1/2"]
[ECO "E14"]
[WhiteElo "2522"]
[BlackElo "2437"]
[PlyCount "124"]
[EventDate "2020.01.21"]
[EventType "swiss"]
[EventRounds "10"]
[EventCountry "GGB"]
[SourceTitle "BritBase"]
[Source "John Saunders"]
[SourceDate "2021.06.05"]
[SourceVersion "1"]
[SourceVersionDate "2021.06.05"]
[SourceQuality "1"]
[TimeControl "40/100:0"]
[WhiteClock "0:01:56"]
[BlackClock "0:01:18"]

1. Nf3 d5 2. e3 Nf6 3. c4 e6 4. Nc3 b6 5. b3 Bb7 6. Bb2 a6 7. d4 Nbd7 8. Bd3 Bd6 9. O-O O-O 10. a4 c5 11. cxd5 exd5 12. Rc1 Re8 13.
Re1 Ne4 14. dxc5 Nxc3 15. Bxc3 bxc5 16. h3 Nf6 17. Nh4 Ne4 18. Bxe4 Rxe4 19. Nf5 Bf8 20. Ng3 Re6 21. Bb2 Rg6 22. Be5 Qd7 23. Qd3 Re8 24. Bf4 Qc6 25. Rc2 a5 26. Rec1 h6 27. Qb5 Qxb5 28. axb5 Rb6 29. Rxc5 Bxc5 30. Rxc5 Rc8 31. Bc7 Rxc7 32. Rxc7 Rxb5 33. Rc3 d4 34. exd4 Bd5 35. Nf5 Bxb3 36. Rc8+ Kh7 37. Ne3 a4 38. Ra8 Rb4 39. d5 Rd4 40. g4 g6 41. Ra6 Kg7 42. Kg2 Kf8 43.
Kg3 Ke7 44. h4 Kd7 45. h5 gxh5 46. gxh5 f6 47. Ng4 f5 48. Nxh6 Rxd5 49. Kf4 Kc7 50. Nxf5 Kb7 51. Rg6 a3 52. Rg3 Bc2 53. Rxa3 Rxf5+ 54. Kg4 Rxf2 55. h6 Kc6 56. Kg5 Rg2+ 57. Kf4 Bb1 58. Ra1 Bh7 59. Ra7 Bd3 60. Ra3 Bb1 61. Ra1 Bh7 62. Ra7 Bd3 1/2-1/2

[Event "Gibraltar Masters 18th"]
[Site "Gibraltar"]
[Date "2020.01.30"]
[Round "10.44"]
[White "Mieles Palau, Daniel"]
[Black "Flom, Gabriel"]
[Result "0-1"]
[ECO "D13"]
[WhiteElo "2374"]
[BlackElo "2510"]
[PlyCount "76"]
[EventDate "2020.01.21"]
[EventType "swiss"]
[EventRounds "10"]
[EventCountry "GGB"]
[SourceTitle "BritBase"]
[Source "John Saunders"]
[SourceDate "2021.06.05"]
[SourceVersion "1"]
[SourceVersionDate "2021.06.05"]
[SourceQuality "1"]
[TimeControl "40/100:0"]
[WhiteClock "0:05:26"]
[BlackClock "0:26:16"]

1. c4 Nf6 2. g3 c6 3. Bg2 d5 4. cxd5 cxd5 5. Nf3 Nc6 6. d4 Bf5 7. O-O e6 8. Nc3 h6 9. b3 Bb4 10. Bb2 O-O 11. Na4 Rc8 12. Rc1 b6 13.
a3 Be7 14. b4 Rc7 15. Ne5 Qc8 16. Nc3 Qb7 17. Qd2 a6 18. h3 Rfc8 19. Kh2 b5 20. e3 Nxe5 21. dxe5 Nd7 22. Qe2 Nxe5 23. e4 dxe4 24. Nxe4 Rxc1 25. Rxc1 Rxc1 26. Bxc1 Qc7 27. Bf4 Qc4 28. Qe3 Nd3 29. Nd6 Bxd6 30. Bxd6 Qc2 31. g4 Bg6 32. Bg3 Nb2 33. h4 Nc4 34. Qa7 Be4 35. Bxe4 Qxe4 36. Qxa6 Nd2 37. Qxb5 Kh7 38. Qd7 Nf3+ 0-1

[Event "Gibraltar Masters 18th"]
[Site "Gibraltar"]
[Date "2020.01.30"]
[Round "10.45"]
[White "Henderson De La Fuente, Lance"]
[Black "Krishna, C R G."]
[Result "1/2-1/2"]
[ECO "D15"]
[WhiteElo "2492"]
[BlackElo "2436"]
[PlyCount "119"]
[EventDate "2020.01.21"]
[EventType "swiss"]
[EventRounds "10"]
[EventCountry "GGB"]
[SourceTitle "BritBase"]
[Source "John Saunders"]
[SourceDate "2021.06.05"]
[SourceVersion "1"]
[SourceVersionDate "2021.06.05"]
[SourceQuality "1"]
[TimeControl "40/100:0"]
[WhiteClock "0:23:23"]
[BlackClock "0:04:42"]

1. d4 d5 2. Nf3 Nf6 3. c4 c6 4. e3 Bf5 5. Nc3 a6 6. Be2 h6 7. Bd3 Bxd3 8. Qxd3 e6 9. O-O Be7 10. b3 O-O 11. Bb2 Nbd7 12. Rac1 b5 13.
cxd5 cxd5 14. Rc2 Qb6 15. Rfc1 Qb7 16. Ne2 Rfc8 17. Ne5 Nb6 18. Nf4 Bd6 19. Qd1 Rxc2 20. Rxc2 Rc8 21. Nfd3 Nfd7 22. Bc3 Nxe5 23. dxe5 Be7 24. Bd4 Rxc2 25. Qxc2 Nc8 26. f4 Na7 27. Bc5 Qc7 28. Qc3 a5 29. a3 Bxc5 30. Qxc5 Qxc5 31. Nxc5 Kf8 32. Kf2 Ke7 33. e4 dxe4 34. Ke3 Nc6 35. Kxe4 h5 36. h3 Na7 37. g4 hxg4 38.
hxg4 Nc6 39. Nd3 g6 40. Nc5 Nd8 41. g5 Nc6 42. Kd3 Kd8 43.
Nb7+ Kc7 44. Nd6 b4 45. axb4 Nxb4+ 46. Ke4 Kb6 47. Nxf7 Nc6 48. Nh8 Ne7 49. Nxg6 Nxg6 50. f5 Ne7 51. f6 Ng6 52. Kf3 Kc6 53. Kg4 Kd7 54. Kh5 Nxe5 55. g6 Ke8 56. Kh6 Nd7 57. Kg7 Nf8 58. Kh6 Nd7 59. Kg7 Nf8 60. Kh6 1/2-1/2

[Event "Gibraltar Masters 18th"]
[Site "Gibraltar"]
[Date "2020.01.30"]
[Round "10.46"]
[White "Salimova, Nurgyul"]
[Black "Raja, Harshit"]
[Result "0-1"]
[ECO "E04"]
[WhiteElo "2372"]
[BlackElo "2482"]
[PlyCount "106"]
[EventDate "2020.01.21"]
[EventType "swiss"]
[EventRounds "10"]
[EventCountry "GGB"]
[SourceTitle "BritBase"]
[Source "John Saunders"]
[SourceDate "2021.06.05"]
[SourceVersion "1"]
[SourceVersionDate "2021.06.05"]
[SourceQuality "1"]
[TimeControl "40/100:0"]
[WhiteClock "0:46:52"]
[BlackClock "0:33:10"]

1. d4 Nf6 2. c4 e6 3. Nf3 d5 4. g3 dxc4 5. Bg2 a6 6. a4 Nc6 7. O-O Rb8 8. e3 Bb4 9. Qc2 b5 10. axb5 axb5 11. b3 Na5 12. bxc4 Nxc4 13. Na3 Bxa3 14. Bxa3 Bb7 15. Bb4 Be4 16. Qc1 Qd5 17. Ne1 Bxg2 18. Nxg2 Qf3 19. Ra7 Kd7 20. e4 Nxe4 21. Nh4 Qf6 22. Qc2 Ned6 23. Bxd6 Kxd6 24. d5 exd5 25. Nf5+ Kd7 26. Ne3 Qb6 27. Qf5+ Qe6 28. Qf4 Rhc8 29. Re1 Nd6 30. Rc1 Ra8 31. Rxa8 Rxa8 32. Qd4 Ra6 33. Nxd5 Rc6 34. Rd1 f6 35. Nf4 Qe5 36. Qd3 g6 37. Qb3 Rc4 38. Qf3 Qe4 39. Qg4+ Kc6 40. Qh3 Qf3 41. Qf1 Kb7 42. Nd5 Rc2 43. Ne3 Rb2 44. Rc1 f5 45. Nd1 Rd2 46. Nc3 Qd3 47. Qxd3 Rxd3 48. Kf1 Rd2 49. Ke1 Rb2 50. Nd5 c6 51. Ne7 Nc4 52. h4 Ne5 53. Rd1 b4 0-1

[Event "Gibraltar Masters 18th"]
[Site "Gibraltar"]
[Date "2020.01.30"]
[Round "10.47"]
[White "Pogonina, Natalija"]
[Black "Haug, Johannes"]
[Result "1/2-1/2"]
[ECO "E11"]
[WhiteElo "2479"]
[BlackElo "2407"]
[PlyCount "89"]
[EventDate "2020.01.21"]
[EventType "swiss"]
[EventRounds "10"]
[EventCountry "GGB"]
[SourceTitle "BritBase"]
[Source "John Saunders"]
[SourceDate "2021.06.05"]
[SourceVersion "1"]
[SourceVersionDate "2021.06.05"]
[SourceQuality "1"]
[TimeControl "40/100:0"]
[WhiteClock "0:51:09"]
[BlackClock "0:47:51"]

1. d4 Nf6 2. c4 e6 3. g3 Bb4+ 4. Bd2 a5 5. Bg2 d5 6. Nf3 O-O 7. Qb3 Be7 8.
O-O c6 9. Rd1 b5 10. c5 Ne4 11. Bf4 Nd7 12. Nc3 g5 13. Nxe4 gxf4 14. Nd6 fxg3 15. hxg3 Bxd6 16. cxd6 Nb6 17. Qc2 Qxd6 18.
Rac1 Bd7 19. Ne5 Be8 20. e4 f6 21. Nd3 dxe4 22. Bxe4 Ra7 23. Nf4 Rg7 24. Kh2 Nd5 25. Bxd5 exd5 26. Re1 Bd7 27. Qd2 a4 28. Kg2 Re8 29. Rxe8+ Bxe8 30. Rh1 Bg6 31. Nxg6 hxg6 32. Qa5 Rd7 33. Rc1 Kg7 34. Qa8 Qe6 35. Qxc6 Qe4+ 36. Kg1 Rf7 37. Qc3 Re7 38. Qb4 g5 39. Qd6 Kg6 40. Rc6 Qe1+ 41. Kg2 Qe4+ 42. Kg1 Qe1+ 43. Kg2 Qe4+ 44. Kg1 Qe1+ 45. Kg2 1/2-1/2

[Event "Gibraltar Masters 18th"]
[Site "Gibraltar"]
[Date "2020.01.30"]
[Round "10.48"]
[White "Beinoras, Mindaugas"]
[Black "Quintiliano Pinto, Renato R"]
[Result "1/2-1/2"]
[ECO "D36"]
[WhiteElo "2355"]
[BlackElo "2471"]
[PlyCount "131"]
[EventDate "2020.01.21"]
[EventType "swiss"]
[EventRounds "10"]
[EventCountry "GGB"]
[SourceTitle "BritBase"]
[Source "John Saunders"]
[SourceDate "2021.06.05"]
[SourceVersion "1"]
[SourceVersionDate "2021.06.05"]
[SourceQuality "1"]
[TimeControl "40/100:0"]
[WhiteClock "0:12:49"]
[BlackClock "0:17:14"]

1. d4 d5 2. c4 e6 3. Nc3 Nf6 4. cxd5 exd5 5. Bg5 c6 6. e3 Be7 7. Qc2 Nbd7 8. Bd3 Nh5 9. Bxe7 Qxe7 10. Nge2 Nb6 11. O-O-O g6 12. Kb1 Ng7 13. Ng3 Be6 14. h4 O-O-O 15. Nce2 h6 16. Rh2 Kb8 17. Nf4 Bc8 18. Qe2 Rhe8 19. Rc1 Nd7 20. Bc2 Nf6 21. Rhh1 Bg4 22. Qe1 Bc8 23. Ka1 Ng4 24. Bd1 Nf6 25. Bc2 Bd7 26. b4 Rc8 27. Bd3 Qd6 28.
Qd2 Ng4 29. a3 Rc7 30. Bc2 Bc8 31. Bd1 g5 32. hxg5 hxg5 33. Nfh5 Nxh5 34. Nxh5 Nh6 35. Bc2 f5 36. Ng3 Rce7 37. Rce1 f4 38. exf4 Rxe1+ 39. Rxe1 Rxe1+ 40. Qxe1 Qxf4 41. Qe3 Ng4 42. Qxf4+ gxf4 43. Ne2 Nxf2 44. Nxf4 Kc7 45. Kb2 Kd6 46. Kc3 Ke7 47. b5 Kd6 48. bxc6 bxc6 49. Kb4 Ng4 50. Bd3 Ne3 51. g3 Bf5 52. Bxf5 Nxf5 53. Ne2 Nxd4 54. Nxd4 c5+ 55. Kc3 cxd4+ 56. Kxd4 a5 57. a4 Ke6 58. g4 Kd6 59. Kd3 Ke5 60. Ke3 d4+ 61. Kd3 Kf4 62. Kxd4 Kxg4 63. Kc5 Kf5 64. Kb5 Ke6 65. Kxa5 Kd7 66. Kb6 1/2-1/2

[Event "Gibraltar Masters 18th"]
[Site "Gibraltar"]
[Date "2020.01.30"]
[Round "10.49"]
[White "Cramling, Pia"]
[Black "Low, Zhen Yu Cyrus"]
[Result "1-0"]
[ECO "A10"]
[WhiteElo "2470"]
[BlackElo "2415"]
[PlyCount "99"]
[EventDate "2020.01.21"]
[EventType "swiss"]
[EventRounds "10"]
[EventCountry "GGB"]
[SourceTitle "BritBase"]
[Source "John Saunders"]
[SourceDate "2021.06.05"]
[SourceVersion "1"]
[SourceVersionDate "2021.06.05"]
[SourceQuality "1"]
[TimeControl "40/100:0"]
[WhiteClock "0:34:07"]
[BlackClock "1:08:49"]

1. c4 g6 2. e4 e5 3. d4 Nf6 4. Nf3 exd4 5. e5 Bb4+ 6. Bd2 Qe7 7. Bxb4 Qxb4+ 8. Qd2 Qxd2+ 9. Nbxd2 Nh5 10. Nxd4 Nc6 11. Nxc6 dxc6 12. O-O-O O-O 13. g3 Re8 14. f4 f6 15. Be2 fxe5 16. Bxh5 gxh5 17. Rde1 Bh3 18. fxe5 Kg7 19. Re3 Re7 20. Rhe1 Rf8 21. Re4 Bg4 22. Rf4 Rfe8 23. Rfe4 Kg6 24. Nb3 Bf5 25. R4e3 Rd8 26. Na5 Bc8 27. Kc2 c5 28. Kc3 Re6 29. Nb3 b6 30. Nc1 Re7 31. Nd3 c6 32. Rf1 Bf5 33. Nf4+ Kh6 34. e6 b5 35. Re5 b4+ 36. Kb3 Bg4 37. a4 Bd1+ 38. Ka2 Bxa4 39. Rxh5+ Kg7 40. Rxc5 Kh6 41. h4 Bc2 42. Rxc6 Be4 43. Rc5 Rg8 44. Rh5+ Kg7 45. Re5 Bc2 46. Nd5 Rb7 47. e7 b3+ 48. Ka3 Re8 49. Rg5+ Bg6 50. h5 1-0

[Event "Gibraltar Masters 18th"]
[Site "Gibraltar"]
[Date "2020.01.30"]
[Round "10.50"]
[White "Ranaldi, Lucas"]
[Black "Stefanova, Antoaneta"]
[Result "0-1"]
[ECO "A13"]
[WhiteElo "2296"]
[BlackElo "2469"]
[PlyCount "80"]
[EventDate "2020.01.21"]
[EventType "swiss"]
[EventRounds "10"]
[EventCountry "GGB"]
[SourceTitle "BritBase"]
[Source "John Saunders"]
[SourceDate "2021.06.05"]
[SourceVersion "1"]
[SourceVersionDate "2021.06.05"]
[SourceQuality "1"]
[TimeControl "40/100:0"]
[WhiteClock "0:01:08"]
[BlackClock "0:02:23"]

1. c4 e6 2. Nf3 d5 3. b3 d4 4. g3 c5 5. Bg2 Nc6 6. O-O Bd6 7. e3 Nge7 8.
exd4 cxd4 9. d3 O-O 10. Na3 e5 11. Nc2 f6 12. a3 a5 13. Bd2 Bf5 14. Qe2 Ng6 15. Rfb1 Re8 16. Nfe1 Qe7 17. Qf3 Bc8 18. Qd1 Kh8 19. Rb2 f5 20. b4 Qf6 21. bxa5 e4 22. Nb4 e3 23. Bc1 f4 24. Nd5 Qg5 25.
Nb6 exf2+ 26. Rxf2 Qxa5 27. Re2 Bg4 28. Rxe8+ Rxe8 29. Bd2 Qh5 30. Qa4 f3 31. Qb5 fxg2 32. Qxh5 Bxh5 33. Nxg2 Nge5 34. Ne1 Be2 35. Bf4 Bf8 36. Ra2 Bxd3 37. Bxe5 Nxe5 38. Nxd3 Nxd3 39. Rd2 Ne5 40. Kg2 Bxa3 0-1

[Event "Gibraltar Masters 18th"]
[Site "Gibraltar"]
[Date "2020.01.30"]
[Round "10.51"]
[White "Antova, Gabriela"]
[Black "Paehtz, Elisabeth"]
[Result "0-1"]
[ECO "E92"]
[WhiteElo "2295"]
[BlackElo "2467"]
[PlyCount "64"]
[EventDate "2020.01.21"]
[EventType "swiss"]
[EventRounds "10"]
[EventCountry "GGB"]
[SourceTitle "BritBase"]
[Source "John Saunders"]
[SourceDate "2021.06.05"]
[SourceVersion "1"]
[SourceVersionDate "2021.06.05"]
[SourceQuality "1"]
[TimeControl "40/100:0"]
[WhiteClock "0:01:16"]
[BlackClock "0:49:49"]

1. d4 Nf6 2. c4 g6 3. Nc3 Bg7 4. e4 d6 5. Nf3 O-O 6. Be2 e5 7. Be3 Qe8 8.
dxe5 Ng4 9. Bg5 Nxe5 10. Nd4 Be6 11. Nxe6 fxe6 12. O-O Nbc6 13. Nb5 Qd7 14. Be3 a6 15. Na3 Qe7 16. Qd2 Nd7 17. Rad1 Nc5 18. f3 Rf7 19. Nb1 a5 20. Nc3 Raf8 21. Qc2 Qe8 22. Rd2 e5 23. Nb5 b6 24. Bd1 Qe7 25. a3 Qh4 26. Rff2 Bh6 27. Bxh6 Qxh6 28. Qc3 a4 29. Rde2 Na5 30. Rd2 Qg5 31. g3 h5 32. Kh1 Nxe4 0-1